 Dungeon Crawl Stone Soup version 0.25-a0-796-gd415a3ffb0 (webtiles) character file.

Game seed: 1427440037592151167, levelgen mode: deterministic

66 esteth the Magician (level 4, 0/32 HPs)
             Began as a Gnoll Wizard on Apr 18, 2020.
             Slain by Natasha (5 damage)
             ... on level 2 of the Dungeon.
             The game lasted 00:05:55 (1827 turns).

esteth the Magician (Gnoll Wizard)                  Turns: 1827, Time: 00:05:55

Health: 0/32       AC:  0    Str:  9    XL:     4   Next: 15%
Magic:  3/13       EV: 23    Int: 22    God:
Gold:   118        SH:  0    Dex: 18    Spells: 6/17 levels left

rFire    . . .     SeeInvis .     - Unarmed
rCold    . . .     Gourm    .   (shield currently unavailable)
rNeg     . . .     Faith    .   (armour currently unavailable)
rPois    .         Spirit   .   (helmet currently unavailable)
rElec    .         Reflect  .   (cloak currently unavailable)
rCorr    .         Harm     .   (gloves currently unavailable)
MR       .....                  (boots currently unavailable)
Stlth    +++.......             (no amulet)
HPRegen  0.10/turn              (ring currently unavailable)
MPRegen  0.13/turn              (ring currently unavailable)

@: bat-form, flying, slowed, quick
A: tiny, distributed training, strong nose
a: no special abilities


You were on level 2 of the Dungeon.
You were hungry.
You were in bat-form.
You visited 1 branch of the dungeon, and saw 2 of its levels.

You collected 118 gold pieces.

Inventory:

Hand Weapons
 e - a +1 dagger (melded)
Armour
 a - a +0 robe (melded)
 b - a +1 hat (melded)
Jewellery
 h - an uncursed amulet of rage {unknown}
 p - an uncursed amulet of magic regeneration {unknown}
Potions
 c - a potion of might {unknown}
 f - a potion of resistance {unknown}
 i - a potion of mutation {unknown}
 k - a potion of curing {unknown}
 o - 3 potions of heal wounds
Comestibles
 d - 9 rations
 g - a chunk of flesh


   Skills:
 + Level 1.0 Fighting
 + Level 1.0 Short Blades
 + Level 1.0 Long Blades
 + Level 1.0 Axes
 + Level 1.0 Maces & Flails
 + Level 1.0 Polearms
 + Level 1.0 Staves
 + Level 1.0 Slings
 + Level 1.0 Bows
 + Level 1.0 Crossbows
 + Level 1.0 Throwing
 + Level 1.0 Armour
 + Level 4.6 Dodging
 + Level 4.2 Stealth
 + Level 1.0 Shields
 + Level 1.0 Unarmed Combat
 + Level 7.2 Spellcasting
 + Level 2.2 Conjurations
 + Level 0.7 Hexes
 + Level 0.7 Charms
 + Level 2.2 Summonings
 + Level 0.7 Necromancy
 + Level 2.2 Translocations
 + Level 0.7 Transmutations
 + Level 0.7 Fire Magic
 + Level 0.7 Ice Magic
 + Level 0.7 Air Magic
 + Level 0.7 Earth Magic
 + Level 0.7 Poison Magic
 + Level 1.1 Invocations
 + Level 1.0 Evocations


You had 6 spell levels left.
You knew the following spells:

 Your Spells              Type           Power        Failure   Level  Hunger
a - Magic Dart            Conj           ###.         3%          1    None
b - Blink                 Tloc           N/A          4%          2    None
c - Call Imp              Summ           ###.....     4%          2    None
d - Conjure Flame         Conj/Fire      ##......     13%         3    None
e - Mephitic Cloud        Conj/Pois/Air  ##......     14%         3    None

Your spell library contained the following spells:

 Spells                   Type           Power        Failure   Level  Hunger
 Slow                     Hex            ##......     9%          2    None


Dungeon Overview and Level Annotations

Branches:
Dungeon (2/15)

Altars:

Annotations:
D:2 Natasha, Sigmund


Innate Abilities, Weirdness & Mutations

Your experience applies equally to all skills.
((You have very sharp teeth.))
Your uncanny sense of smell can sniff out nearby items.


Message History

The kobold completely misses you. Natasha closely misses you.
The kobold completely misses you.
You hit Natasha but do no damage.
Natasha is severely wounded.
Natasha misses you. The kobold hits you.
Natasha stares at you and mumbles some strange words.
You feel as though you will be slow longer.
You hit Natasha but do no damage.
Natasha is severely wounded.
The kobold completely misses you. Natasha claws you.
* * * LOW HITPOINT WARNING * * *
You closely miss Natasha.
Natasha is severely wounded.
The kobold hits you.
* * * LOW HITPOINT WARNING * * *
Natasha closely misses you. The kobold completely misses you.
You barely miss Natasha.
Natasha is severely wounded.
Natasha claws you.
You die...

########5#
###.##########
........s#
#..........#
########h#
#..#######.# #ยง#
#........... #.#
########.#######.#
#5####........#
#.#
#......##.#.###
#.#
#.######.###.##
#.# #...shbK##
##.# #.#
########5###.##
##.#
##.#.########...
##.......(.....
###########...
####


You could see Natasha, a crimson imp, a giant cockroach and a kobold.

Vanquished Creatures
  Natasha (D:2)
  2 leopard geckos (D:1)
  5 goblins (D:1)
  3 hobgoblins
  8 jackals (D:1)
  5 bats
  2 frilled lizards (D:2)
  7 kobolds
  3 rats (D:2)
36 creatures vanquished.

Notes
Turn   | Place    | Note
-------+----------+-------------------------------------------
     0 | D:1      | esteth the Gnoll Wizard began the quest for the Orb.
     0 | D:1      | Reached XP level 1. HP: 13/13 MP: 8/8
   239 | D:1      | Reached XP level 2. HP: 18/19 MP: 0/10
   611 | D:1      | Reached XP level 3. HP: 24/25 MP: 6/11
  1211 | D:2      | Noticed Natasha
  1216 | D:2      | Killed Natasha
  1216 | D:2      | Reached skill level 1 in Fighting
  1216 | D:2      | Reached skill level 1 in Short Blades
  1216 | D:2      | Reached skill level 1 in Long Blades
  1216 | D:2      | Reached skill level 1 in Axes
  1216 | D:2      | Reached skill level 1 in Maces & Flails
  1216 | D:2      | Reached skill level 1 in Polearms
  1216 | D:2      | Reached skill level 1 in Staves
  1216 | D:2      | Reached skill level 1 in Slings
  1216 | D:2      | Reached skill level 1 in Bows
  1216 | D:2      | Reached skill level 1 in Crossbows
  1216 | D:2      | Reached skill level 1 in Throwing
  1216 | D:2      | Reached skill level 1 in Armour
  1216 | D:2      | Reached skill level 1 in Shields
  1216 | D:2      | Reached skill level 1 in Unarmed Combat
  1216 | D:2      | Reached skill level 1 in Invocations
  1216 | D:2      | Reached skill level 1 in Evocations
  1216 | D:2      | Reached XP level 4. HP: 32/32 MP: 7/13
  1353 | D:2      | Learned a level 2 spell: Blink
  1356 | D:2      | Learned a level 2 spell: Call Imp
  1360 | D:2      | Learned a level 3 spell: Conjure Flame
  1364 | D:2      | Learned a level 3 spell: Mephitic Cloud
  1402 | D:2      | Noticed Sigmund
  1764 | D:2      | Noticed Natasha
  1827 | D:2      | Slain by Natasha

Levels and vault maps discovered:
D:1:      roderic_chinese_lattice_arrival, layout_loops_ring, minmay_tall_x
D:2:      layout_loops_ring, minitemple, kennysheep_potato, uniq_natasha,
          uniq_sigmund

Skill      XL: |  1  2  3 |
---------------+----------+-----
Conjurations   | 2 |  2.2
Summonings     | 2 |  2.2
Translocations | 2 |  2.2
Fighting       | 1 |  1.0
Short Blades   | 1 |  1.0
Long Blades    | 1 |  1.0
Axes           | 1 |  1.0
Maces & Flails | 1 |  1.0
Polearms       | 1 |  1.0
Staves         | 1 |  1.0
Slings         | 1 |  1.0
Bows           | 1 |  1.0
Crossbows      | 1 |  1.0
Throwing       | 1 |  1.0
Armour         | 1 |  1.0
Shields        | 1 |  1.0
Unarmed Combat | 1 |  1.0
Invocations    | 1 |  1.1
Evocations     | 1 |  1.0
Dodging        | |  4.6
Stealth        | |  4.2
Spellcasting   | |  7.2
Hexes          | |  0.7
Charms         | |  0.7
Necromancy     | |  0.7
Transmutations | |  0.7
Fire Magic     | |  0.7
Ice Magic      | |  0.7
Air Magic      | |  0.7
Earth Magic    | |  0.7
Poison Magic   | |  0.7

Action                   |  1- 3 |  4- 6 || total
-------------------------+-------+-------++-------
Melee: Dagger            |     9 |    15 ||    24
       Unarmed           |       |     8 ||     8
       Bite              |       |     1 ||     1
 Cast: Magic Dart        |    59 |    12 ||    71
       Conjure Flame     |       |     6 ||     6
  Use: Scroll            |       |     5 ||     5
       Potion            |       |     1 ||     1
 Stab: Sleeping          |       |     1 ||     1
  Eat: Chunk             |     1 |     1 ||     2
Armor: Robe              |     2 |     8 ||    10
Dodge: Dodged            |     9 |    52 ||    61

Table legend:
 A = Non-vault XP
 B = Vault XP
 C = Vault XP percentage of total XP
 D = Non-vault monster count
 E = Vault monster count
 F = Vault count percentage of total count
                 A         B        C        D         E       F
            +---------+---------+-------+---------+---------+-------
      Total |      54 |      41 |  43.2 |      31 |       5 |  13.9
            +---------+---------+-------+---------+---------+-------
        D:1 |      39 |       6 |  13.3 |      20 |       4 |  16.7
        D:2 |      15 |      35 |  70.0 |      11 |       1 |   8.3
            +---------+---------+-------+---------+---------+-------
